 Dungeon Crawl Stone Soup version 0.28-a0-1117-g0bdd5ba030 (webtiles) character file.

Game seed: 2915787542095010282

809 spaghetti the Chiller (level 7, 0/46 HPs)
             Began as a Mummy Ice Elementalist on Dec 12, 2021.
             Slain by a bullfrog zombie (4 damage)
             ... on level 6 of the Dungeon.
             The game lasted 00:20:07 (7132 turns).

spaghetti the Chiller (Mummy Ice Elementalist)      Turns: 7132, Time: 00:20:08

Health: 0/46       AC:  3    Str: 12    XL:     7   Next: 61%
Magic:  11/14      EV: 12    Int: 16    God:
Gold:   193        SH:  0    Dex: 12    Spells: 5/16 levels left

rFire   x . .      SeeInvis .   s - +0 whip {mace}
rCold   + . .      Faith    .   (no shield)
rNeg    + + +      Spirit   .   a - +1 robe
rPois   ∞          Reflect  .   (no helmet)
rElec   .          Harm     .   f - scarf {shadows}
rCorr   .          Rampage  .   (no gloves)
Will    .....                   (no boots)
Stlth   ++........              c - amulet of magic regeneration {@e2}
HPRegen 0.15/turn               (no ring)
MPRegen 0.54/turn               (no ring)

@: no status effects
A: cold resistance 1, negative energy resistance 3, torment resistance 2, heat
vulnerability 1, no potions
a: no special abilities


You were on level 6 of the Dungeon.
You visited 1 branch of the dungeon, and saw 6 of its levels.

You collected 193 gold pieces.


Innate Abilities, Weirdness & Mutations

You are immune to poison.
Your flesh is cold resistant. (rC+)
You are immune to negative energy. (rN+++)
You are immune to unholy pain and torment.
You are vulnerable to heat. (rF-)
You do not drink.


   Skills:
 - Level 1.5 Dodging
 - Level 1.5 Stealth
 - Level 5.0 Spellcasting
 * Level 7.3 Ice Magic


You had 5 spell levels left.
You knew the following spells:

 Your Spells              Type           Power      Damage    Failure   Level
a - Freeze                Ice            100%       1d11      1%          1
b - Frozen Ramparts       Ice            54%        1d7       2%          3
c - Ozocubu's Armour      Ice            27%        N/A       2%          3
d - Hailstorm             Conj/Ice       15%        3d5       32%         4

Your spell library contained the following spells:

 Spells                   Type           Power      Damage    Failure   Level


Inventory:

Hand Weapons
 s - a +0 whip (weapon) {mace}
   (You took it off a kobold on level 2 of the Dungeon)
Missiles
 b - 52 bolts
 e - 127 stones {throwing}
 h - 123 arrows
 m - 6 boomerangs {throwing}
 n - 45 sling bullets
 o - 3 poisoned darts {throwing}
 t - 3 javelins {throwing}
Armour
 a - a +1 robe (worn)
 f - a scarf of shadows (worn)
   (You found it on level 2 of the Dungeon)
 u - a +0 pair of boots
   (You found it on level 4 of the Dungeon)
Magical Staves
 q - a staff of fire {!astaff}
   (You took it off a goblin on level 4 of the Dungeon)
Jewellery
 c - an amulet of magic regeneration (around neck) {@e2}
   (You found it on level 4 of the Dungeon)
Scrolls
 d - a scroll of enchant weapon
 g - 2 scrolls of blinking {!r}
 j - 2 scrolls of immolation {!r!r}
 k - a scroll of vulnerability {!r!r}
 l - a scroll of amnesia
 p - a scroll of holy word {!r}
 r - 2 scrolls of fear
 v - 2 scrolls of teleportation {@r4}
 w - a scroll of magic mapping {!r}

Dungeon Overview and Level Annotations

Branches:
Dungeon (6/15)
 Temple: D:4-7

Altars:

.. #. #.
#. #####
##.###...
#...##.#
#@...#
#..Z##.#
...#.###.#
.###..
#.#####
#.$
#.....#
#.##
#.###.#
.....# #.#
#.# ..##.#
#.# #.#
#.##.# #.#
#.#


You could see a bullfrog zombie.


Message History

😨 MP[-2]
You lost 2 mp, and now have 12/14 mp.
A bullfrog zombie is nearby!
A bullfrog zombie is nearby!
You hit the bullfrog zombie.
The bullfrog zombie completely resists.
The wall freezes the bullfrog zombie but does no damage.
The bullfrog zombie closely misses you.
You hit the bullfrog zombie.
The bullfrog zombie completely resists.
The wall freezes the bullfrog zombie but does no damage.
The bullfrog zombie hits you.
* * * LOW HITPOINT WARNING * * *
The bullfrog zombie resists.
The wall freezes the bullfrog zombie.
The bullfrog zombie hits you.
* * * LOW HITPOINT WARNING * * *
😨 HP[-10] MP[+1]
You take 10 damage, and now have 13/46 hp.
MASSIVE DAMAGE!! (PAUSE)
You closely miss the bullfrog zombie.
The bullfrog zombie completely resists.
The wall freezes the bullfrog zombie but does no damage.
The bullfrog zombie hits you but does no damage. 😨 HP[+1]
You hit the bullfrog zombie.
The bullfrog zombie completely resists.
The wall freezes the bullfrog zombie but does no damage.
The bullfrog zombie misses you.
The bullfrog zombie resists.
The wall freezes the bullfrog zombie.
The bullfrog zombie hits you.
* * * LOW HITPOINT WARNING * * *
😱 HP[-5] MP[+1]
You take 5 damage, and now have 9/46 hp.
Your mp is fully restored (14).
You aren't carrying any items that you can evoke.
Casting: Frozen Ramparts (dangerous; 2% risk of failure)
Confirm with . or Enter, or press ? or * to list all spells.
Aiming: Freeze (safe; 1% risk of failure)
Press: ? - help, Shift-Dir - straight line, f - bullfrog zombie
Aim: a bullfrog zombie (severely damaged)
You freeze the bullfrog zombie.
The bullfrog zombie resists.
The bullfrog zombie completely resists.
The wall freezes the bullfrog zombie but does no damage.
The bullfrog zombie barely misses you. 😱 MP[-1]
You lost 1 mp, and now have 13/14 mp.
Casting: Freeze (safe; 1% risk of failure)
Confirm with . or Enter, or press ? or * to list all spells.
Aiming: Freeze (safe; 1% risk of failure)
Press: ? - help, Shift-Dir - straight line, f/p - bullfrog zombie
Aim: a bullfrog zombie (almost destroyed)
You freeze the bullfrog zombie but do no damage.
The bullfrog zombie completely resists. x2
The wall freezes the bullfrog zombie but does no damage.
The bullfrog zombie hits you.
* * * LOW HITPOINT WARNING * * *
😱 HP[-6]
You take 6 damage, and now have 3/46 hp.
Casting: Freeze (safe; 1% risk of failure)
Confirm with . or Enter, or press ? or * to list all spells.
Aiming: Freeze (safe; 1% risk of failure)
Press: ? - help, Shift-Dir - straight line, f/p - bullfrog zombie
Aim: a bullfrog zombie (almost destroyed)
You freeze the bullfrog zombie.
The bullfrog zombie resists. x2
The wall freezes the bullfrog zombie.
The bullfrog zombie hits you but does no damage.
The bullfrog zombie resists.
The wall freezes the bullfrog zombie.
The bullfrog zombie hits you but does no damage.
Casting: Freeze (safe; 1% risk of failure)
Confirm with . or Enter, or press ? or * to list all spells.
Aiming: Freeze (safe; 1% risk of failure)
Press: ? - help, Shift-Dir - straight line, f/p - bullfrog zombie
Aim: a bullfrog zombie (almost destroyed)
You freeze the bullfrog zombie but do no damage.
The bullfrog zombie completely resists.
The frozen ramparts melt away.
The bullfrog zombie closely misses you. 😱 MP[-1]
You lost 1 mp, and now have 12/14 mp.
You aren't carrying any items that you can evoke.
You can't drink.
Casting: Freeze (safe; 1% risk of failure)
Confirm with . or Enter, or press ? or * to list all spells.
Aiming: Freeze (safe; 1% risk of failure)
Press: ? - help, Shift-Dir - straight line, f/p - bullfrog zombie
Aim: a bullfrog zombie (almost destroyed)
You freeze the bullfrog zombie but do no damage.
The bullfrog zombie completely resists.
The bullfrog zombie closely misses you.
Casting: Freeze (safe; 1% risk of failure)
Confirm with . or Enter, or press ? or * to list all spells.
Aiming: Freeze (safe; 1% risk of failure)
Press: ? - help, Shift-Dir - straight line, f/p - bullfrog zombie
Aim: a bullfrog zombie (almost destroyed)
You freeze the bullfrog zombie.
The bullfrog zombie resists.
The bullfrog zombie closely misses you. 😱 HP[+1] MP[-1]
You lost 1 mp, and now have 11/14 mp.
Casting: Freeze (safe; 1% risk of failure)
Confirm with . or Enter, or press ? or * to list all spells.
Aiming: Freeze (safe; 1% risk of failure)
Press: ? - help, Shift-Dir - straight line, f/p - bullfrog zombie
Aim: a bullfrog zombie (almost destroyed)
You freeze the bullfrog zombie but do no damage.
The bullfrog zombie completely resists.
The bullfrog zombie closely misses you. The bullfrog zombie hits you.
You die...

Skill      XL: |  1  2  3  4  5  6  7 |
---------------+----------------------+-----
Spellcasting   | 3 4 5 |  5.0
Ice Magic      | 4 5 6 7 |  7.3
Dodging        | |  1.5
Stealth        | |  1.5

Action                   |  1- 3 |  4- 6 |  7- 9 || total
-------------------------+-------+-------+-------++-------
Melee: Whip              |     6 |    46 |    24 ||    76
       Unarmed           |     1 |       |       ||     1
 Cast: Freeze            |    50 |    92 |    41 ||   183
       Frozen Ramparts   |     3 |    15 |     2 ||    20
       Ozocubu's Armour  |       |     3 |     4 ||     7
Evoke: Wand              |       |     9 |       ||     9
  Use: Scroll            |     2 |     1 |     8 ||    11
 Stab: Paralysed         |       |    15 |       ||    15
Armor: Robe              |    20 |    16 |    19 ||    55
Dodge: Dodged            |    47 |    79 |    51 ||   177

Levels and vault maps discovered:
D:1:      onia_arrival_mini_maze, layout_rooms
D:2:      layout_rooms, hellmonk_ecumenical_altar_leap_of_faith, uniq_jessica
D:3:      layout_basic, minmay_misc_feat_tiny
D:4:      layout_basic
D:5:      layout_layer_cave, minmay_fractal_squares_gapless_5
D:6:      layout_loops_ring, grunt_ministairs_10, kennysheep_dice, uniq_menkaure

Notes
Turn   | Place    | Note
-------+----------+-------------------------------------------
     0 | D:1      | spaghetti the Mummy Ice Elementalist began the quest for
                  | the Orb.
     0 | D:1      | Reached XP level 1. HP: 13/13 MP: 4/4
     0 | D:1      | magus.rc [v1.9.6]
   271 | D:1      | Reached skill level 3 in Spellcasting
   305 | D:1      | Reached XP level 2. HP: 14/19 MP: 3/6
  1115 | D:1      | Reached XP level 3. HP: 23/24 MP: 4/8
  1127 | D:1      | Learned a level 3 spell: Frozen Ramparts
  1131 | D:1      | Learned a level 3 spell: Ozocubu's Armour
  1445 | D:2      | Noticed Jessica
  1458 | D:2      | Killed Jessica
  1459 | D:2      | Reached skill level 4 in Spellcasting
  1459 | D:2      | Reached skill level 4 in Ice Magic
  1589 | D:2      | Reached XP level 4. HP: 30/30 MP: 7/10
  2106 | D:2      | Found a faded altar of an unknown god.
  2263 | D:2      | Learned a level 4 spell: Hailstorm
  2831 | D:3      | Reached XP level 5. HP: 35/35 MP: 9/12
  3221 | D:3      | Reached skill level 5 in Spellcasting
  3593 | D:4      | Noticed a phantom
  3766 | D:4      | Noticed a phantom
  3864 | D:4      | HP: 4/35 [scorpion (5)]
  3865 | D:4      | Reached skill level 5 in Ice Magic
  4398 | D:4      | Killed a phantom
  4399 | D:4      | Reached XP level 6. HP: 38/41 MP: 13/13
  4585 | D:5      | Entered Level 5 of the Dungeon
  4604 | D:5      | Reached skill level 6 in Ice Magic
  4962 | D:5      | Noticed an ice beast
  4968 | D:5      | Reached XP level 7. HP: 34/46 MP: 8/14
  5811 | D:4      | magus.rc [v1.9.6]
  6248 | D:5      | Reached skill level 7 in Ice Magic
  6744 | D:5      | HP: 9/46 [centaur (5)]
  7125 | D:6      | HP: 9/46 [bullfrog zombie (5)]
  7127 | D:6      | HP: 3/46 [bullfrog zombie (6)]
  7132 | D:6      | Slain by a bullfrog zombie

Vanquished Creatures
  A centaur (D:5)
  A necrophage (D:5)
  An ogre (D:4)
  A phantom (D:4)
  3 scorpions
  A hound (D:5)
  A jelly (D:5)
  Jessica (D:2)
  An iguana (D:5)
  4 gnolls (D:3)
  4 adders
  2 adder skeletons (D:4)
  3 worms
  3 dart slugs
  2 orcs
  5 bats
  8 endoplasms
  6 giant cockroaches
  10 goblins
  13 hobgoblins
  3 jackals (D:1)
  6 quokkas
  8 ball pythons
  A frilled lizard (D:2)
  10 kobolds
  5 rats
104 creatures vanquished.

Table legend:
 A = Non-vault XP
 B = Vault XP
 C = Vault XP percentage of total XP
 D = Non-vault monster count
 E = Vault monster count
 F = Vault count percentage of total count
                 A         B        C        D         E       F
            +---------+---------+-------+---------+---------+-------
      Total |     999 |     158 |  13.7 |     101 |       3 |   2.9
            +---------+---------+-------+---------+---------+-------
        D:1 |      47 |       0 |   0.0 |      28 |       0 |   0.0
        D:2 |      51 |      37 |  42.0 |      24 |       1 |   4.0
        D:3 |     101 |       0 |   0.0 |      25 |       0 |   0.0
        D:4 |     450 |       0 |   0.0 |      16 |       0 |   0.0
        D:5 |     350 |     121 |  25.7 |       8 |       2 |  20.0
            +---------+---------+-------+---------+---------+-------

Illustrated notes

Table legend:
 A = Kills in this place as a percentage of kills in entire the game.
 B = Kills by you in this place as a percentage of kills by you in the entire game.
 C = Kills by friends in this place as a percentage of kills by friends in the entire game.
 D = Other kills in this place as a percentage of other kills in the entire game.
 E = Experience gained in this place as a percentage of experience gained in the entire game.
 F = Experience gained in this place divided by the number of levels of this place that you have seen.
                   A       B       C       D       E      F
               +-------+-------+-------+-------+-------+----------------------
         Total | 100.0 | 100.0 |   N/A |   N/A | 100.0 | 192.8
       Dungeon | 100.0 | 100.0 |   N/A |   N/A | 100.0 | 192.8
               +-------+-------+-------+-------+-------+----------------------

Table legend: (Time is in decaauts)
 A = Elapsed time spent in this place.
 B = Non-inter-level travel time spent in this place.
 C = Inter-level travel time spent in this place.
 D = Time resting spent in this place.
 E = Time spent auto-exploring this place.
 F = Levels seen in this place.
 G = Mean time per level.
                   A        B        C        D        E       F      G
               +--------+--------+--------+--------+--------+-----+--------+
         Total |   7139 |   6966 |    173 |   2639 |   3348 |   6 | 1189.8 |
       Dungeon |   7139 |   6966 |    173 |   2639 |   3348 |   6 | 1189.8 |
               +--------+--------+--------+--------+--------+-----+--------+

Top non-repeatable levels by time:
     D:5: 2168 daAuts
     D:1: 1423 daAuts
     D:4: 1323 daAuts
     D:3: 1226 daAuts
     D:2: 939 daAuts
     D:6: 59 daAuts
